 Dungeon Crawl Stone Soup version 0.28.0-43-g3370ac3207 (webtiles) character file.

Game seed: 14091574563131556812

802 zeratav the Covert (level 7, 0/32 HPs)
             Began as a Spriggan Enchanter on Mar 31, 2022.
             Was an Initiate of Wu Jian.
             Succumbed to a scorpion's poison
             ... on level 5 of the Dungeon.
             The game lasted 00:41:43 (7896 turns).

zeratav the Covert (Spriggan Enchanter)             Turns: 7896, Time: 00:41:44

Health: 0/32       AC:  3    Str:  4    XL:     7   Next: 59%
Magic:  2/15       EV: 18    Int: 17    God:    Wu Jian [......]
Gold:   168        SH:  0    Dex: 17    Spells: 11/16 levels left

rFire   . . .      SeeInvis +   a - +2 dagger (freeze)
rCold   . . .      Faith    .   (no shield)
rNeg    . . .      Spirit   +   b - +1 robe
rPois   .          Reflect  .   (helmet restricted)
rElec   .          Harm     .   e - scarf {shadows}
rCorr   .          Rampage  .   (gloves unavailable)
Will    ++...                   (boots unavailable)
Stlth   ++++......              o - amulet of guardian spirit
HPRegen 0.10/turn               (no ring)
MPRegen 0.14/turn               (no ring)

@: lethally poisoned (0 -> -5), very quick
A: very small, no large weapons, unfitting armour, see invisible, speed 3,
strong-willed 1
a: Renounce Religion


You were on level 5 of the Dungeon.
You worshipped Wu Jian.
Wu Jian was noncommittal.
You visited 2 branches of the dungeon, and saw 6 of its levels.

You collected 168 gold pieces.

Inventory:

Hand Weapons
 a - a +2 dagger of freezing (weapon)
 f - a +2 whip of draining
 y - a +0 rapier
Missiles
 d - 9 poisoned darts
 s - a throwing net (quivered)
Armour
 b - a +1 robe (worn)
 e - a scarf of shadows (worn)
Jewellery
 o - an amulet of guardian spirit (around neck)
Scrolls
 l - a scroll of enchant weapon
 u - a scroll of fear
 x - a scroll of enchant armour
Potions
 c - 2 potions of invisibility
 g - a potion of brilliance {unknown}
 i - a potion of heal wounds
 j - a potion of flight {unknown}
 k - 2 potions of resistance
 m - 4 potions of mutation
 r - a potion of curing {unknown}
 t - a potion of cancellation {unknown}
 v - a potion of lignification {unknown}
 w - a potion of attraction {unknown}


   Skills:
 + Level 0.7 Fighting
 + Level 3.1 Short Blades
 + Level 0.2 Maces & Flails
 + Level 0.4 Throwing
 + Level 3.4 Dodging
 + Level 8.5 Stealth
 + Level 5.2 Spellcasting
 + Level 5.6 Hexes
 + Level 2.2 Ice Magic


You had 11 spell levels left.
You knew the following spells:

 Your Spells              Type           Power      Damage    Failure   Level
a - Ensorcelled Hibernat  Hex/Ice        34%        N/A       4%          2
b - Confusing Touch       Hex            23%        N/A       4%          3

Your spell library contained the following spells:

 Spells                   Type           Power      Damage    Failure   Level
 Tukima's Dance           Hex            23%        N/A       4%          3
 Dazzling Flash           Conj/Hex       28%        N/A       13%         3


Dungeon Overview and Level Annotations

Branches:
Dungeon (5/15)             Temple (1/1) D:4

Altars:
Cheibriados
Dithmenos
Elyvilon
Gozag
Hepliaklqana
Kikubaaqudgha
Makhleb
Nemelex Xobeh
Okawaru
Qazlal
Ru
Sif Muna
Trog
Uskayaw
Vehumet
Wu Jian
Xom
Zin
The Shining One

Shops:
D:2 =

Annotations:
D:5 issech's ghost, novice TrMo


Innate Abilities, Weirdness & Mutations

You are very small and have problems with some larger weapons.
You are too small for most types of armour.
You have supernaturally acute eyesight. (SInv)
You cover ground extremely quickly. (Speed+++)
You are strong-willed. (Will+)


Message History

You barely miss the necrophage.
The necrophage is lightly damaged.
Your ice beast hits the scorpion.
Your ice beast freezes the scorpion!
The necrophage barely misses you.
You barely miss the unseen horror. The unseen horror closely misses you.
The scorpion stings you.
The unseen horror hits you but does no damage.
The orc warrior closely misses you.
Your ice beast barely misses the scorpion.
You hit the unseen horror but do no damage.
The unseen horror hits you. The scorpion closely misses you.
The necrophage hits you.
You feel drained. The orc warrior misses you.
The unseen horror hits you but does no damage.
You closely miss the unseen horror. The scorpion stings you.
You are poisoned.
The scorpion poisons you!
Your ice beast closely misses the scorpion.
The unseen horror barely misses you. The necrophage hits you.
You feel drained.
You feel sick. The unseen horror hits you!
Your ice beast hits the necrophage but does no damage.
You hit the scorpion. You freeze the scorpion.
You kill the scorpion!
The Council accepts your kill.
You feel sick.
The orc warrior hits you with a +0 battleaxe!
* * * LOW HITPOINT WARNING * * *
Your life force feels restored.
You hit the unseen horror but do no damage.
* * * LOW HITPOINT WARNING * * *
You feel sick. The unseen horror hits you.
* * * LOW HITPOINT WARNING * * *
The unseen horror hits you but does no damage.
The necrophage misses you. The orc warrior closely misses you.
* * * LOW HITPOINT WARNING * * *
You feel sick. The necrophage barely misses you.
Your ice beast closely misses the necrophage.
You see here a scorpion corpse.
The unseen horror hits you!
* * * LOW HITPOINT WARNING * * *
You die...

#.# #.# #Y#
######### #.#
#∩8.##..# #.#
∩$..$#..# #Z#
8.$=.'n†###.#
W$8_$'oY.##.#
#+#8.$.$'...@..#
..#.$$..#x.###.#
####..##.8.##..# #.#
..<<...#####.... ..#
####################
..................#
####.....########.#
#<.....'......#.#
##.....######.#.#


You could see an unseen horror (invisible), an orc warrior (ally target), a
necrophage and a friendly ice beast (summoned).

Vanquished Creatures
  2 necrophages
  2 scorpions (D:5)
  A jelly (D:5)
  3 orc priests
  A centaur skeleton (D:4)
  An iguana (D:3)
  Natasha (thrice) (D:4)
  3 orc wizards
  3 hound skeletons
  A gnoll (D:1)
  6 adders
  2 worms
  3 dart slugs
  7 orcs
  2 bats
  3 endoplasms
  6 giant cockroaches
  5 goblins
  5 hobgoblins
  3 jackals (D:2)
  7 kobolds
  2 quokkas (D:1)
  6 ball pythons
  3 frilled lizards
  A quokka skeleton (D:4)
  A rat (D:3)
82 creatures vanquished.

Vanquished Creatures (others)
  14 plants (D:1)
14 creatures vanquished.

Grand Total: 96 creatures vanquished

Notes
Turn   | Place    | Note
-------+----------+-------------------------------------------
     0 | D:1      | zeratav the Spriggan Enchanter began the quest for the Orb.
     0 | D:1      | Reached XP level 1. HP: 9/9 MP: 5/5
   287 | D:1      | Reached XP level 2. HP: 13/13 MP: 6/6
   290 | D:1      | Learned a level 2 spell: Ensorcelled Hibernation
  1323 | D:1      | You fall into a shaft and drop 1 floor!
  1334 | D:2      | Reached skill level 5 in Stealth
  1342 | D:2      | Reached XP level 3. HP: 14/16 MP: 3/8
  2375 | D:2      | Found Suwemis's Jewellery Shop.
  2949 | D:2      | Found a faded altar of an unknown god.
  3280 | D:3      | Reached skill level 1 in Ice Magic
  3387 | D:3      | Reached XP level 4. HP: 21/21 MP: 6/9
  3641 | D:3      | Reached skill level 6 in Stealth
  3835 | D:3      | Reached XP level 5. HP: 24/24 MP: 5/11
  4785 | D:4      | Noticed a necrophage
  5427 | D:4      | Learned a level 3 spell: Confusing Touch
  5451 | D:4      | Killed a necrophage
  5452 | D:4      | Reached XP level 6. HP: 14/28 MP: 3/13
  5701 | D:4      | Found a sparkling altar of Nemelex Xobeh.
  5724 | D:4      | Reached skill level 7 in Stealth
  6093 | D:4      | Found a staircase to the Ecumenical Temple.
  6101 | Temple   | Entered the Ecumenical Temple
  6203 | Temple   | Became a worshipper of the Wu Jian Council
  6324 | D:4      | Reached skill level 5 in Hexes
  6524 | D:4      | Noticed Natasha
  6533 | D:4      | Killed Natasha
  6766 | D:4      | Noticed Natasha
  6773 | D:4      | Killed Natasha
  6860 | D:4      | Noticed Natasha
  6867 | D:4      | Killed Natasha
  7179 | D:5      | Entered Level 5 of the Dungeon
  7270 | D:5      | Reached XP level 7. HP: 32/32 MP: 11/15
  7485 | D:5      | Reached skill level 5 in Spellcasting
  7501 | D:5      | Found a snail-covered altar of Cheibriados.
  7502 | D:5      | Found a hide-covered altar of Uskayaw.
  7503 | D:5      | Found a white marble altar of Elyvilon.
  7503 | D:5      | Found a bloodstained altar of Trog.
  7538 | D:5      | Reached skill level 8 in Stealth
  7845 | D:5      | Gained mutation: You are strong-willed. (Will+) [potion of
                  | mutation]
  7870 | D:5      | Found a runed translucent gate.
  7871 | D:5      | Found a runed translucent gate.
  7871 | D:5      | Found a runed translucent gate.
  7872 | D:5      | Found an opulent altar of Gozag.
  7876 | D:5      | Noticed issech's ghost (novice TrMo)
  7876 | D:5      | Noticed an unseen horror
  7895 | D:5      | HP: 1/32 [unseen horror (4)]
  7896 | D:5      | Succumbed to a scorpion's poison

Illustrated notes

Levels and vault maps discovered:
D:1:      erik_arrival_cave_to_civilisation [erik_arrival_cave_to_hall],
          layout_loops_ring, nicolae_grassy_gnolls
D:2:      layout_basic, serial_shops, shop, shapermc_ecumenical_altar_acropolis
D:3:      layout_basic, serial_rivers, chequers_serial_rivers_micro_b,
          chequers_serial_rivers_large_a, chequers_serial_rivers_micro_b,
          chequers_serial_rivers_small_a
D:4:      layout_cave_pods, nemelex_xobeh_ov_fountains_minmay,
          minmay_temple_entry_arrows, uniq_natasha
D:5:      layout_basic, mainiacjoe_overflow_alcove_3, ebering_ghost_gozag
Temple:   regret_index_temple_generic_petals

Skill      XL: |  1  2  3  4  5  6  7 |
---------------+----------------------+-----
Hexes          | 4 5 |  5.6
Spellcasting   | 3 4 5 |  5.2
Stealth        | 5 6 7 8 |  8.5
Ice Magic      | 1 2 |  2.2
Short Blades   | 2 3 |  3.1
Dodging        | 3 |  3.4
Fighting       | |  0.7
Maces & Flails | |  0.2
Throwing       | |  0.4

Action                   |  1- 3 |  4- 6 |  7- 9 || total
-------------------------+-------+-------+-------++-------
Melee: Dagger            |    48 |   124 |    29 ||   201
       Whip              |       |     5 |       ||     5
       Punch             |       |     6 |       ||     6
Throw: Dart              |     4 |     7 |       ||    11
 Cast: Ensorcelled Hiber |    39 |    42 |     7 ||    88
       Confusing Touch   |       |     7 |     2 ||     9
Invok: Lunge             |       |     2 |     2 ||     4
  Use: Scroll            |     5 |       |     5 ||    10
       Potion            |       |       |     1 ||     1
 Stab: Sleeping          |    28 |    32 |     7 ||    67
       Confused          |       |     6 |     2 ||     8
Armor: Robe              |     3 |     7 |     4 ||    14
Dodge: Dodged            |    16 |    72 |    26 ||   114
